 Dungeon Crawl Stone Soup version 0.23-a0-261-g133332c (webtiles) character file.

11816 HarryHood the Fighter (level 11, -1/114 HPs)
             Began as a Gargoyle Berserker on Sept 29, 2018.
             Was a High Priest of Trog.
             Killed by mirror damage (7 damage)
             ... on level 11 of the Dungeon on Sept 30, 2018.
             The game lasted 00:48:59 (10111 turns).

HarryHood the Fighter (Gargoyle Berserker)         Turns: 10111, Time: 00:49:00

Health: -1/114     AC: 35    Str: 28    XL:     11   Next: 83%
Magic:  11/11      EV: 11    Int:  8    God:    Trog [*****.]
Gold:   536        SH:  0    Dex: 13    Spells: 10/10 levels left

rFire    x . .     SeeInvis .   a - +6 flail (protect)
rCold    + + .     Gourm    +   (no shield)
rNeg     + . .     Faith    .   y - +0 ice dragon scales {@W2}
rPois    ∞         Spirit   .   G - +2 helmet "Didujyeliu" {Regen+ Dex+3}
rElec    +         Reflect  .   j - +2 cloak
rCorr    .         Harm     .   d - +0 pair of gloves
MR       .....                  (no boots)
Stlth    ..........             x - amulet of the gourmand
HPRegen  0.69/turn              t - ring of stealth
MPRegen  0.12/turn              (no ring)

@: berserking (expiring), protection aura, very quick
A: negative energy resistance 1, electricity resistance, unbreathing,
petrification resistance, rot immunity, AC +8
a: Berserk, Trog's Hand, Brothers in Arms, Renounce Religion


You were on level 11 of the Dungeon.
You worshipped Trog.
Trog was extremely pleased with you.
You were very full.

You visited 2 branches of the dungeon, and saw 12 of its levels.

You collected 536 gold pieces.

Inventory:

Hand Weapons
 a - a +6 flail of protection (weapon)
 b - a +1 hunting sling
 E - a +6 antimagic dire flail
Missiles
 c - 232 stones (quivered)
 k - 130 sling bullets
Armour
 d - a +0 pair of gloves (worn)
 j - a +2 cloak (worn)
 v - the +7 chain mail of Idealism {rC+ Str-2 Int+6, @W1}
   (You found it on level 4 of the Dungeon)

   It affects your strength (-2).
   It affects your intelligence (+6).
   It protects you from cold.
 y - +0 ice dragon scales (worn) {@W2}
 G - the +2 helmet "Didujyeliu" (worn) {Regen+ Dex+3}
   (You found it on level 10 of the Dungeon)

   It affects your dexterity (+3).
   It increases your rate of regeneration.
Jewellery
 t - a ring of stealth (left hand)
 x - an amulet of the gourmand (around neck)
 F - a +3 amulet of reflection {unknown}
Scrolls
 l - 3 scrolls of fear
 n - a scroll of summoning
 q - 3 scrolls of teleportation {@r0}
 r - a scroll of identify
 s - a scroll of fog
 A - 4 scrolls of remove curse {@r1}
 B - a scroll of magic mapping {@r5}
Potions
 f - a potion of agility
 g - 8 potions of heal wounds {@q1}
 h - 2 potions of magic
 i - 6 potions of flight
 m - a potion of resistance
 o - a potion of haste
 p - a potion of ambrosia
 u - 3 potions of curing {@q2}
 w - a potion of invisibility
 z - a potion of might
 C - a potion of mutation {unknown}
Comestibles
 e - 22 rations {@e1}
 D - 6 chunks of flesh


   Skills:
 + Level 12.3 Fighting
 * Level 11.0 Maces & Flails
 - Level 6.0 Slings
 - Level 9.0 Armour
 - Level 1.6 Dodging


You had 10 spell levels left.
You didn't know any spells.
Your spell library was empty.

Dungeon Overview and Level Annotations

Branches:
Dungeon (11/15)            Temple (1/1) D:5            Lair (0/6) D:9
    Orc: D:9-12

Altars:
Elyvilon
Fedhas
Hepliaklqana
Nemelex Xobeh
Trog

Portals:
Trove: D:10 (give 18 scrolls of teleportation)


Innate Abilities, Weirdness & Mutations

You are resistant to torment.
Your stone body is resilient. (AC +8)
You are immune to poison.
You resist negative energy. (rN+)
You are resistant to electric shocks. (rElec)
You can survive without breathing.
You are immune to petrification.
You are immune to rotting.


Message History

You hit the death knight. You sock the death knight!
The death knight hits you but does no damage.
You closely miss the death knight. You barely miss the death knight.
The death knight offers itself to Yredelemnul, and fills with unholy energy.
You sock the death knight!
The death knight reflects your damage back at you!
* * * LOW HITPOINT WARNING * * *
You take 8 damage, and have 5/114 hp.
You hit the death knight but do no damage.
The death knight mumbles some strange prayers to Yredelemnul against you.
You feel a surge of unholy energy.
You closely miss the death knight. You sock the death knight!
You kill the death knight!
Trog accepts your kill.
Your Maces & Flails skill increases to level 11!
Your damage is reflected back at you!
You die...

#........##....'......
#...........####......
#........#### #......
#........# #......
#........# #......
#######.## #......
#..# ####'## ##.##
#..# #@[# #.## #)##
##.### #'# #....# ...
#....# .... ####....#
...... ........#
....... #.....
#........ #....#
#...÷#


There were no monsters in sight!

Vanquished Creatures
  A death knight (D:11)
  A two-headed ogre (D:10)
  2 unseen horrors
  The ghost of ShadedKnight the Transmogrifier, a novice OpTm of Ru (D:6)
  An ugly thing (D:11)
  2 trolls
  Prince Ribbit (D:9)
  2 hippogriffs
  2 wyverns
  A vampire (D:11)
  A shadow (D:11)
  2 steam dragons (D:6)
  A hungry ghost (D:11)
  Edmund (D:5)
  Duvessa (D:5)
  2 porcupines (D:9)
  2 water moccasins (D:9)
  4 ice beasts
  2 orc warriors
  A sky beast (D:6)
  5 ogres
  3 centaurs
  3 crocodiles
  4 big kobolds
  Blork the orc (D:5)
  6 bullfrogs
  Dowan (D:5)
  2 wyvern skeletons
  5 scorpions
  9 wights
  15 killer bees
  A howler monkey (D:10)
  8 crimson imps
  2 quasits
  Crazy Yiuf (D:3)
  7 hounds
  3 jellies
  A gnoll shaman (D:7)
  2 orc priests
  2 bullfrog skeletons
  18 orc wizards
  A centaur skeleton (D:7)
  Natasha (thrice) (D:2)
  2 iguanas
  13 worker ants
  A hound zombie (D:5)
  A howler monkey zombie (D:8)
  A worker ant zombie (D:11)
  12 gnolls
  2 howler monkey skeletons
  12 adders
  7 shadow imps
  3 oozes
  2 adder zombies
  2 adder skeletons
  4 worms
  9 leopard geckos
  33 orcs
  A ball python (D:6)
  9 giant cockroaches
  6 hobgoblins
  10 jackals
  2 quokkas
  8 bats
  4 frilled lizards
  12 goblins
  A jackal skeleton (D:7)
  26 kobolds
  A leopard gecko skeleton (D:7)
  A leopard gecko zombie (D:5)
  A quokka zombie (D:7)
  9 rats
329 creatures vanquished.

Vanquished Creatures (others)
  3 fungi (D:9)
  A plant (D:9)
  A withered plant (D:6)
5 creatures vanquished.

Grand Total: 334 creatures vanquished

Notes
Turn   | Place    | Note
-------+----------+-------------------------------------------
     0 | D:1      | HarryHood the Gargoyle Berserker began the quest for the
                  | Orb.
     0 | D:1      | Reached XP level 1. HP: 14/14 MP: 1/1
    67 | D:1      | Reached XP level 2. HP: 9/19 MP: 2/2
   812 | D:1      | Reached skill level 4 in Maces & Flails
   812 | D:1      | Reached XP level 3. HP: 23/23 MP: 3/3
   883 | D:1      | Reached ** piety under Trog
  1251 | D:2      | Noticed Natasha
  1259 | D:2      | Reached XP level 4. HP: 23/28 MP: 4/4
  1270 | D:2      | Killed Natasha
  1270 | D:2      | Reached skill level 5 in Maces & Flails
  1278 | D:2      | Noticed Natasha
  1285 | D:2      | Killed Natasha
  1285 | D:2      | Reached XP level 5. HP: 4/32 MP: 5/5
  1286 | D:2      | Noticed Natasha
  1294 | D:2      | Killed Natasha
  1967 | D:3      | Reached skill level 6 in Maces & Flails
  2195 | D:3      | Found a sparkling altar of Nemelex Xobeh.
  2247 | D:3      | Reached *** piety under Trog
  2490 | D:3      | Reached skill level 4 in Fighting
  2490 | D:3      | Reached XP level 6. HP: 33/38 MP: 6/6
  2730 | D:3      | Found a runed door.
  3044 | D:3      | Noticed Crazy Yiuf
  3056 | D:3      | Paralysed by Crazy Yiuf for 6 turns
  3062 | D:3      | Killed Crazy Yiuf
  3272 | D:4      | Reached skill level 5 in Fighting
  3411 | D:4      | Reached skill level 6 in Fighting
  3411 | D:4      | Reached XP level 7. HP: 14/47 MP: 7/7
  3906 | D:4      | Got a spiked chain mail
  4275 | D:4      | Identified the +7 chain mail of Idealism {rC+ Str-2 Int+6}
                  | (You found it on level 4 of the Dungeon)
  4278 | D:5      | Entered Level 5 of the Dungeon
  4350 | D:5      | Noticed Blork the orc
  4370 | D:5      | Killed Blork the orc
  4370 | D:5      | Reached skill level 7 in Maces & Flails
  4524 | D:5      | Reached skill level 7 in Fighting
  4565 | D:5      | Reached XP level 8. HP: 48/53 MP: 8/8
  4576 | D:5      | Found a bloodstained altar of Trog.
  4624 | D:5      | Found a staircase to the Ecumenical Temple.
  4636 | Temple   | Entered the Ecumenical Temple
  4685 | D:5      | Reached **** piety under Trog
  4852 | D:5      | Noticed Edmund
  4875 | D:5      | Killed Edmund
  4875 | D:5      | Reached skill level 8 in Maces & Flails
  5179 | D:5      | Noticed Duvessa
  5179 | D:5      | Noticed Dowan
  5188 | D:5      | Killed Duvessa
  5198 | D:5      | Killed Dowan
  5198 | D:5      | Reached skill level 8 in Fighting
  5296 | D:6      | Reached skill level 9 in Maces & Flails
  5361 | D:6      | Reached skill level 3 in Armour
  5361 | D:6      | Reached XP level 9. HP: 55/60 MP: 9/9
  5470 | D:6      | Reached skill level 4 in Armour
  5744 | D:6      | Reached skill level 5 in Armour
  5786 | D:6      | Reached skill level 9 in Fighting
  5975 | D:6      | Found a runed door.
  5976 | D:6      | Noticed ShadedKnight's ghost (novice OpTm)
  5989 | D:6      | Killed ShadedKnight's ghost
  5989 | D:6      | Reached skill level 6 in Armour
  6180 | D:7      | Reached ***** piety under Trog
  6232 | D:7      | Reached skill level 7 in Armour
  6236 | D:7      | Received a gift from Trog
  6619 | D:7      | Reached XP level 10. HP: 68/68 MP: 10/10
  6740 | D:7      | Reached skill level 8 in Armour
  6908 | D:7      | Reached skill level 10 in Fighting
  7289 | D:8      | Reached skill level 9 in Armour
  7345 | D:8      | Reached skill level 1 in Slings
  7827 | D:8      | Reached skill level 2 in Slings
  8098 | D:9      | Reached skill level 3 in Slings
  8173 | D:9      | Received a gift from Trog
  8208 | D:9      | Noticed Prince Ribbit
  8294 | D:9      | Reached skill level 4 in Slings
  8315 | D:9      | Killed Prince Ribbit
  8391 | D:9      | Reached skill level 11 in Fighting
  8598 | D:9      | Found a staircase to the Lair.
  8605 | D:9      | Reached skill level 5 in Slings
  8667 | D:9      | Reached XP level 11. HP: 66/74 MP: 11/11
  8740 | D:10     | Entered Level 10 of the Dungeon
  8793 | D:10     | Reached skill level 6 in Slings
  8914 | D:10     | Noticed a two-headed ogre
  8921 | D:10     | Killed a two-headed ogre
  9002 | D:10     | Got a translucent helmet
  9013 | D:10     | Identified the +2 helmet "Didujyeliu" {Regen+ Dex+3} (You
                  | found it on level 10 of the Dungeon)
  9233 | D:10     | Killed an unseen horror
  9336 | D:10     | Found a portal to a secret trove of treasure.
  9596 | D:11     | Reached skill level 10 in Maces & Flails
  9614 | D:11     | Noticed a white ugly thing
  9629 | D:11     | Killed a white ugly thing
  9740 | D:11     | Received a gift from Trog
  9811 | D:11     | Reached ****** piety under Trog
  9910 | D:11     | Reached skill level 12 in Fighting
  9950 | D:11     | Killed an unseen horror
 10070 | D:11     | Noticed a death knight
 10100 | D:11     | HP: 10/114 [death knight/great mace of protection (4)]
 10108 | D:11     | HP: 5/114 [mirror damage (8)]
 10111 | D:11     | Killed a death knight
 10111 | D:11     | Reached skill level 11 in Maces & Flails
 10111 | D:11     | Killed by mirror damage

Vault maps used:
D:1:      minmay_arrival_doors, minivault_24, nrook_mini_vaults
D:2:      uniq_natasha
D:3:      nemelex_xobeh_ov_fountains_minmay, uniq_crazy_yiuf_cottage
D:4:      cheibrodos_quashed, serial_bayou, serial_bayou_pond_e,
          serial_bayou_ford_a, serial_bayou_pond_a, serial_bayou_pond_e,
          serial_bayou_pond_e, serial_bayou_pond_e, chequers_big_river
D:5:      cheibrodos_thug_alley, minmay_temple_entry_overgrown, first_ration,
          basic_altar, uniq_blork_the_orc, uniq_duvessa, uniq_edmund
D:6:      cheibrodos_steamvent, gammafunk_ghost_grave, kennysheep_generic_room_4
D:9:      grunt_lair_entry_orc_guard_hut, uniq_prince_ribbit1
D:10:     nicolae_trove_entry_columns
D:11:     serial_shops, kennysheep_mini_moat
Temple:   nicolae_temple_the_god_donut

Skill      XL: |  1  2  3  4  5  6  7  8  9 10 11 |
---------------+----------------------------------+-----
Maces & Flails | 4 5 6 7 9 11 | 11.0
Fighting       | 4 6 7 8 9 11 12 | 12.3
Armour         | 3 7 9 |  9.0
Slings         | 5 6 |  6.0
Dodging        | |  1.6

Action                   |  1- 3 |  4- 6 |  7- 9 | 10-12 || total
-------------------------+-------+-------+-------+-------++-------
Melee: Mace              |   135 |   117 |       |       ||   252
       Flail             |       |    67 |   333 |   596 ||   996
Invok: Berserk           |       |     2 |       |     1 ||     3
  Use: Scroll            |     6 |     5 |     8 |     6 ||    25
  Eat: Chunk             |     1 |     8 |    24 |    21 ||    54
Armor: Animal skin       |    13 |       |       |       ||    13
       Ring mail         |    50 |    20 |       |       ||    70
       Chain mail        |       |    63 |   184 |       ||   247
       Ice dragon scales |       |       |    26 |   463 ||   489
Dodge: Dodged            |    87 |    78 |   117 |   293 ||   575

Table legend:
 A = Non-vault XP
 B = Vault XP
 C = Vault XP percentage of total XP
 D = Non-vault monster count
 E = Vault monster count
 F = Vault count percentage of total count
                 A         B        C        D         E       F
            +---------+---------+-------+---------+---------+-------
      Total |   14002 |    2878 |  17.0 |     302 |      27 |   8.2
            +---------+---------+-------+---------+---------+-------
        D:1 |      45 |       0 |   0.0 |      23 |       0 |   0.0
        D:2 |     136 |      36 |  20.9 |      31 |       1 |   3.1
        D:3 |     153 |      44 |  22.3 |      27 |       1 |   3.6
        D:4 |     373 |       0 |   0.0 |      11 |       0 |   0.0
        D:5 |     632 |     700 |  52.6 |      30 |      14 |  31.8
        D:6 |     620 |    1140 |  64.8 |      17 |       4 |  19.0
        D:7 |    1142 |       0 |   0.0 |      27 |       0 |   0.0
        D:8 |    1545 |       0 |   0.0 |      33 |       0 |   0.0
        D:9 |    1735 |     958 |  35.6 |      36 |       7 |  16.3
       D:10 |    3113 |       0 |   0.0 |      29 |       0 |   0.0
       D:11 |    4508 |       0 |   0.0 |      38 |       0 |   0.0
            +---------+---------+-------+---------+---------+-------
